 Dungeon Crawl Stone Soup version 0.25.0-37-gb73750e0fb (webtiles) character file.

Game seed: 2561857358810539423

110 ANON1729 the Conjurer (level 4, -3/33 HPs)
             Began as a Draconian Conjurer on July 9, 2020.
             Slain by Grinder (5 damage)
             ... while paralysed by Grinder
             ... on level 3 of the Dungeon.
             The game lasted 00:04:30 (1496 turns).

ANON1729 the Conjurer (Draconian Conjurer)          Turns: 1496, Time: 00:04:31

Health: -3/33      AC:  5    Str: 10    XL:     4   Next: 61%
Magic:  2/8        EV:  2    Int: 16    God:
Gold:   87         SH:  0    Dex: 12    Spells: 6/9 levels left

rFire    + . .     SeeInvis .   e - +0 dagger
rCold    . . .     Gourm    .   (no shield)
rNeg     . . .     Faith    .   (armour unavailable)
rPois    .         Spirit   .   (helmet restricted)
rElec    .         Reflect  .   (no cloak)
rCorr    .         Harm     .   (no gloves)
MR       .....                  (no boots)
Stlth    ++........             a - amulet of regeneration
HPRegen  0.51/turn              (no ring)
MPRegen  0.11/turn              i - ring of protection from fire

@: paralysed
A: unfitting armour, cold-blooded, AC +5
a: no special abilities


You were on level 3 of the Dungeon.
You were not hungry.

You visited 1 branch of the dungeon, and saw 3 of its levels.

You collected 87 gold pieces.

Inventory:

Hand Weapons
 e - a +0 dagger (weapon)
Jewellery
 a - an amulet of regeneration (around neck)
 f - an uncursed ring of fire
 i - a ring of protection from fire (right hand)
Scrolls
 c - a scroll of identify {unknown}
 g - a scroll of teleportation {unknown}
 j - a scroll of blinking {unknown}
Potions
 d - a potion of degeneration {unknown}
 h - 2 potions of curing {unknown}
 l - 2 potions of ambrosia {unknown}
 m - a potion of lignification {unknown}
Comestibles
 b - 3 rations


   Skills:
 + Level 2.3 Dodging
 + Level 2.5 Stealth
 * Level 3.0 Spellcasting
 * Level 4.7 Conjurations


You had 6 spell levels left.
You knew the following spells:

 Your Spells              Type           Power        Failure   Level  Hunger
a - Magic Dart            Conj           ###.         2%          1    #......
b - Searing Ray           Conj           ###...       4%          2    ##.....

Your spell library contained the following spells:

 Spells                   Type           Power        Failure   Level  Hunger
 Dazzling Flash           Conj/Hex       ##....       22%         3    ###....
 Fulminant Prism          Conj/Hex       ##........   56%         4    #####..
 Iskenderun's Mystic Bla  Conj/Tloc      ##......     56%         4    #####..


Dungeon Overview and Level Annotations

Branches:
Dungeon (3/15)

Altars:

Annotations:
D:3 Grinder


Innate Abilities, Weirdness & Mutations

Your plain brown scales are hard. (AC +5)
You cannot fit into any form of body armour.
You are cold-blooded and may be slowed by cold attacks.


Message History

The searing ray hits Grinder.
Grinder is heavily wounded.
You finish channeling your searing ray.
Grinder hits you.
You writhe in agony.
Casting: Searing Ray (safe; 4% risk of failure)
Confirm with . or Enter, or press ? or * to list all spells.
Aiming: Searing Ray (safe; 4% risk of failure)
Press: ? - help, Shift-Dir - straight line, f/p - Grinder
Aim: Grinder (heavily wounded)
The searing ray misses Grinder. (Press . to maintain the ray.) Grinder gestures at you.
You suddenly lose the ability to move!
Grinder hits you but does no damage. Grinder hits you.
You writhe in agony.
Grinder hits you.
You writhe in agony.
Grinder hits you!
* * * LOW HITPOINT WARNING * * *
You writhe in agony.
You die...

#.....## .... #
#......######.#..
####...........5...#
.....>...##........ .
####.#.###..##.#.#.
.. #.........)...#
#...
##...###...#####.....
#........####..(#
...........5@.#
...........#####
.................
..#.......###.... .
#.......# ..
....#[.#.#
#...#......
#<......#.##
.........#


You could see Grinder.

Vanquished Creatures
  Natasha (D:2)
  3 adders
  A dart slug (D:2)
  3 ball pythons
  4 giant cockroaches
  5 goblins
  8 hobgoblins
  4 jackals (D:2)
  8 bats
  3 frilled lizards (D:2)
  6 kobolds
  9 rats
55 creatures vanquished.

Notes
Turn   | Place    | Note
-------+----------+-------------------------------------------
     0 | D:1      | ANON1729 the Draconian Conjurer began the quest for the
                  | Orb.
     0 | D:1      | Reached XP level 1. HP: 14/14 MP: 3/3
   302 | D:1      | Reached XP level 2. HP: 18/20 MP: 5/5
   514 | D:1      | Learned a level 2 spell: Searing Ray
   742 | D:2      | Reached XP level 3. HP: 26/26 MP: 0/6
  1112 | D:2      | Reached XP level 4. HP: 31/33 MP: 8/8
  1262 | D:2      | Noticed Natasha
  1270 | D:2      | Killed Natasha
  1427 | D:2      | You fall into a shaft and drop 1 floor!
  1477 | D:3      | Noticed Grinder
  1492 | D:3      | Paralysed by Grinder for 7 turns
  1496 | D:3      | Slain by Grinder

Illustrated notes

Levels and vault maps discovered:
D:1:      dpeg_chamrin_arrival_tetris, layout_basic, hangedman_decor_growths
D:2:      layout_rooms, riverfiend_overflow_shadow_ancestor, uniq_natasha
D:3:      layout_rooms, gammafunk_temple_overflow_elements, uniq_terence,
          uniq_grinder

Skill      XL: |  1  2  3  4 |
---------------+-------------+-----
Stealth        | 2 |  2.5
Dodging        | 2 |  2.3
Spellcasting   | 3 |  3.0
Conjurations   | |  4.7

Action                   |  1- 3 |  4- 6 || total
-------------------------+-------+-------++-------
Melee: Dagger            |   139 |    34 ||   173
       Tailslap          |    10 |     6 ||    16
 Cast: Magic Dart        |    26 |    11 ||    37
       Searing Ray       |     2 |     3 ||     5
 Stab: Sleeping          |     2 |     2 ||     4
  Eat: Chunk             |     1 |     2 ||     3
Armor: Skin              |    73 |    13 ||    86
Dodge: Dodged            |   104 |    19 ||   123
